 Dungeon Crawl Stone Soup version 0.22-a0-271-gc000056 (webtiles) character file.

51 xccam the Cudgeler (level 3, -2/43 HPs)
             Began as a Demonspawn Berserker on Mar 11, 2018.
             Was a Believer of Trog.
             Slain by kidcy's ghost (4 damage)
             ... on level 3 of the Dungeon.
             The game lasted 00:03:38 (1594 turns).

xccam the Cudgeler (Demonspawn Berserker)           Turns: 1594, Time: 00:03:39

Health: -2/43      AC:  4    Str: 23    XL:     3   Next: 57%
Magic:  3/3        EV: 12    Int:  8    God:    Trog [**....]
Gold:   64         SH:  0    Dex: 12    Spells: 2/2 levels left

rFire    . . .     SeeInvis .   a - +0 mace
rCold    . . .     Gourm    .   (no shield)
rNeg     . . .     Faith    .   b - +0 animal skin
rPois    .         Spirit   .   (no helmet)
rElec    .         Reflect  .   (no cloak)
rCorr    .         Harm     .   (no gloves)
MR       ++...                  (no boots)
Stlth    ..........             (no amulet)
HPRegen  1.14/turn              (no ring)
MPRegen  0.08/turn              (no ring)

@: berserking, lethally poisoned (-2 -> -3), starving, regenerating, very quick
A: iridescent scales 1
a: Berserk, Trog's Hand, Renounce Religion


You were on level 3 of the Dungeon.
You worshipped Trog.
Trog was pleased with you.
You were starving.

You visited 1 branch of the dungeon, and saw 3 of its levels.

You collected 64 gold pieces.

Inventory:

Hand Weapons
 a - a +0 mace (weapon)
Armour
 b - a +0 animal skin (worn)
Jewellery
 n - a cursed ring of teleportation {unknown}
Scrolls
 g - a scroll of enchant armour {unknown}
 h - 4 scrolls of identify {unknown}
 i - a scroll of fear {unknown}
 j - a scroll of teleportation {unknown}
 k - 3 scrolls of immolation {unknown}
 m - a scroll of remove curse {unknown}
Potions
 d - a potion of curing {unknown}
 e - a potion of degeneration {unknown}
 f - a potion of lignification {unknown}
Comestibles
 c - 4 rations


   Skills:
 - Level 3.0 Fighting
 + Level 4.2 Maces & Flails
 - Level 1.7 Armour
 - Level 1.7 Dodging


You had 2 spell levels left.
You didn't know any spells.

Dungeon Overview and Level Annotations

Branches:
Dungeon (3/15)

Altars:
Gozag
Nemelex Xobeh
Trog
Wu Jian
Xom
The Shining One

Annotations:
D:3 kidcy's ghost, novice MfGl


Innate Abilities, Weirdness & Mutations

You are partially covered in iridescent scales. (AC +2)


Message History

The adder closely misses you.
You closely miss the adder.
The adder is lightly wounded.
You feel sick. Kidcy's ghost barely misses you. The adder bites you.
* * * LOW HITPOINT WARNING * * *
You miss the adder.
The adder is lightly wounded.
Kidcy's ghost closely misses you. The adder bites you.
* * * LOW HITPOINT WARNING * * *
Unknown command.
You are too berserk!
You barely miss the adder.
The adder is lightly wounded.
* * * LOW HITPOINT WARNING * * *
You feel sick. Kidcy's ghost barely misses you.
The adder bites you but does no damage.
You closely miss the adder.
The adder is lightly wounded.
The adder closely misses you. Kidcy's ghost hits you.
You die...

♣.♣#♣.# #.....# #.....#
#.#####..
###♣.♣.♣.#.#........
####........#.#######.#
#.....♣.♣...#.#........
#.......##..#.#.....#.#
#.......+...#.#.....#.#
#....†..###.#.#.....#.#
####..@.# #.#.#.#####.#
#.WS.###.#..>.......
#....#.......#####..
#....#.#.#)#.# ..
#.[..#.#.#<.......
#....#.#.#...#.###
.....'.#.......#
#.....#######.### ..


You could see kidcy's ghost and an adder.

Vanquished Creatures
  An adder (D:2)
  An ooze (D:1)
  A worm (D:2)
  An orc (D:3)
  3 bats (D:1)
  A giant cockroach (D:2)
  3 goblins
  9 hobgoblins
  6 kobolds
  A ball python (D:2)
  A frilled lizard (D:1)
  2 rats
30 creatures vanquished.

Notes
Turn   | Place    | Note
-------+----------+-------------------------------------------
     0 | D:1      | xccam the Demonspawn Berserker began the quest for the Orb.
     0 | D:1      | Reached XP level 1. HP: 18/18 MP: 1/1
    18 | D:1      | Noticed an electric eel
   258 | D:1      | Reached skill level 3 in Maces & Flails
   292 | D:1      | Gained mutation: You are partially covered in iridescent scales. (AC +2) [demonic ancestry]
   292 | D:1      | Reached XP level 2. HP: 7/24 MP: 2/2
  1091 | D:2      | Reached ** piety under Trog
  1091 | D:2      | Reached skill level 4 in Maces & Flails
  1091 | D:2      | Reached XP level 3. HP: 20/29 MP: 3/3
  1114 | D:2      | Found an opulent altar of Gozag.
  1329 | D:2      | Found a bloodstained altar of Trog.
  1331 | D:2      | Found a shimmering altar of Xom.
  1496 | D:2      | Found a glowing golden altar of the Shining One.
  1499 | D:2      | Found a sparkling altar of Nemelex Xobeh.
  1499 | D:2      | Found an ornate altar of the Wu Jian Council.
  1582 | D:3      | Noticed kidcy's ghost (novice MfGl)
  1592 | D:3      | HP: 1/43 [adder (4)]
  1594 | D:3      | Slain by kidcy's ghost

Vault maps used:
D:1:      arrival_aquarium_a
D:2:      grunt_temple_overflow_open, minitemple
D:3:      serial_forest, infiniplex_forest_lined_corner,
          infiniplex_forest_lined_3, infiniplex_forest_straight_4,
          infiniplex_forest_clump_cross, infiniplex_forest_clump_large,
          infiniplex_forest_clump_medium

Skill      XL: |  1  2 |
---------------+-------+-----
Maces & Flails | 3 4 |  4.2
Fighting       | |  3.0
Armour         | |  1.7
Dodging        | |  1.7

Action                   || total
-------------------------++-------
Melee: Mace              ||    97
Invok: Berserk           ||     2
       Trog's Hand       ||     1
 Stab: Sleeping          ||     3
       Distracted        ||     1
  Eat: Chunk             ||     2
Armor: Animal skin       ||    19
Dodge: Dodged            ||    74

Table legend:
 A = Spawn XP
 B = Non-spawn XP
 C = Spawn XP percentage of total XP
 D = Spawn monster count
 E = Non-spawn monster count
 F = Spawn count percentage of total count
 G = Total turns spent on level
                    A         B        C        D         E        F      G
               +---------+---------+-------+---------+---------+-------+---------
         Total |       0 |      73 |   0.0 |       0 |      30 |   0.0 |  1594
               +---------+---------+-------+---------+---------+-------+---------
           D:1 |       0 |      25 |   0.0 |       0 |      12 |   0.0 |   840
           D:2 |       0 |      41 |   0.0 |       0 |      15 |   0.0 |   702
           D:3 |       0 |       7 |   0.0 |       0 |       3 |   0.0 |    52
               +---------+---------+-------+---------+---------+-------+---------
